 Dungeon Crawl Stone Soup version 0.26.0-5-gb5863c6483 (webtiles) character file.

Game seed: 2525139673145957828

272 Frilvir the Digger (level 6, -7/32 HPs)
             Began as a Gargoyle Earth Elementalist on Jan 10, 2021.
             Was an Initiate of Vehumet.
             Mangled by an ogre
             ... wielding a +0 giant club
              (23 damage)
             ... on level 4 of the Dungeon.
             The game lasted 00:06:23 (3345 turns).

Frilvir the Digger (Gargoyle Earth Elementalist)    Turns: 3345, Time: 00:06:23

Health: -7/32      AC:  8    Str: 11    XL:     6   Next: 23%
Magic:  9/11       EV: 16    Int: 18    God:    Vehumet [......]
Gold:   170        SH:  0    Dex: 10    Spells: 3/12 levels left

rFire    . . .     SeeInvis .   k - +2 dagger (venom)
rCold    . . .     Faith    .   (no shield)
rNeg     + . .     Spirit   .   c - +0 robe
rPois    ∞         Reflect  .   q - +0 helmet
rElec    +         Harm     .   (no cloak)
rCorr    .         Rampage  .   a - +0 pair of gloves
Will     .....                  (no boots)
Stlth    ++........             (no amulet)
HPRegen  0.10/turn              i - +4 ring of evasion
MPRegen  0.12/turn              s - +4 ring of slaying

@: no status effects
A: negative energy resistance 1, electricity resistance, unbreathing,
petrification resistance, miasma immunity, AC +4
a: Renounce Religion


You were on level 4 of the Dungeon.
You worshipped Vehumet.
Vehumet was noncommittal.
You visited 1 branch of the dungeon, and saw 4 of its levels.

You collected 170 gold pieces.

Inventory:

Hand Weapons
 g - a +0 mace
 k - a +2 dagger of venom (weapon)
Missiles
 b - 179 stones
 r - a throwing net
Armour
 a - a +0 pair of gloves (worn)
 c - a +0 robe (worn)
 q - a +0 helmet (worn)
Jewellery
 i - a +4 ring of evasion (left hand)
 s - a +4 ring of slaying (right hand)
Wands
 t - a wand of iceblast (10)
Scrolls
 h - a scroll of amnesia
 m - 2 scrolls of teleportation
 n - 2 scrolls of fear
Potions
 d - a potion of might {unknown}
 e - 2 potions of curing {unknown}
 f - a potion of brilliance {unknown}
 j - 2 potions of heal wounds
 l - a potion of mutation {unknown}
 o - a potion of haste {unknown}
 p - a potion of invisibility {unknown}
 u - a potion of lignification {unknown}
 v - 2 potions of attraction {unknown}


   Skills:
 - Level 1.5 Dodging
 - Level 2.1 Stealth
 + Level 3.8 Spellcasting
 + Level 3.1 Conjurations
 - Level 0.7 Transmutations
 + Level 5.7 Earth Magic


You had 3 spell levels left.
You knew the following spells:

 Your Spells              Type           Power        Failure   Level
a - Sandblast             Erth           48%          1%          1
b - Stone Arrow           Conj/Erth      38%          8%          3
c - Lee's Rapid Deconstr  Erth           12%          36%         5

Your spell library contained the following spells:

 Spells                   Type           Power        Failure   Level
 Passwall                 Tmut/Erth      12%          6%          2
 Petrify                  Tmut/Erth      15%          36%         4


Dungeon Overview and Level Annotations

Branches:
Dungeon (4/15)
 Temple: D:4-7

Altars:
Ru
Vehumet


Innate Abilities, Weirdness & Mutations

You are resistant to torment.
Your stone body is resilient. (AC +4)
You are immune to poison.
You resist negative energy. (rN+)
You are resistant to electric shocks. (rElec)
You can survive without breathing.
You are immune to petrification.
You are immune to miasma.


Message History

You are too injured to fight recklessly!
You are too injured to fight recklessly!
Casting: Sandblast (safe; 1% risk of failure)
Confirm with . or Enter, or press ? or * to list all spells.
Aiming: Sandblast (safe; 1% risk of failure)
Press: ? - help, Shift-Dir - straight line, f - ogre
Aim: an ogre, wielding a +0 giant club (9% to evade)
The blast of sand hits the ogre!
The ogre is heavily wounded.
Unknown command.
Casting: Sandblast (safe; 1% risk of failure)
Confirm with . or Enter, or press ? or * to list all spells.
Aiming: Sandblast (safe; 1% risk of failure)
Press: ? - help, Shift-Dir - straight line, f/p - ogre
Aim: an ogre, wielding a +0 giant club (heavily wounded, 9% to evade)
The blast of sand hits the ogre!
The ogre is almost dead.
The ogre hits you with a +0 giant club!!
Ouch! That really hurt!
You die...

###..#### #.##
#.# #.# #.# #.#
#.# #######.#
#..SO@..#
.......o#######
#####.### ...
###


You could see an ogre, an orc and a ball python.

Vanquished Creatures
  An ogre (D:4)
  An orc priest (D:3)
  An orc wizard (D:3)
  Robin (D:2)
  2 adders (D:3)
  2 oozes (D:1)
  4 worms
  A leopard gecko (D:1)
  4 orcs (D:3)
  6 bats
  6 giant cockroaches
  12 goblins
  16 hobgoblins
  8 kobolds
  2 quokkas
  A ball python zombie (D:4)
  A frilled lizard (D:1)
  2 rats
71 creatures vanquished.

Notes
Turn   | Place    | Note
-------+----------+-------------------------------------------
     0 | D:1      | Frilvir the Gargoyle Earth Elementalist began the quest for
                  | the Orb.
     0 | D:1      | Reached XP level 1. HP: 10/10 MP: 3/3
   280 | D:1      | Reached skill level 4 in Earth Magic
   280 | D:1      | Reached XP level 2. HP: 14/15 MP: 5/5
   610 | D:1      | Reached XP level 3. HP: 17/19 MP: 6/6
   614 | D:1      | Learned a level 3 spell: Stone Arrow
  1112 | D:2      | Reached skill level 1 in Conjurations
  1234 | D:2      | Noticed Robin
  1247 | D:2      | Killed Robin
  1248 | D:2      | Reached XP level 4. HP: 16/24 MP: 8/8
  2374 | D:3      | Found a sacrificial altar of Ru.
  2454 | D:3      | Reached skill level 5 in Earth Magic
  2727 | D:3      | Reached XP level 5. HP: 27/28 MP: 9/9
  2800 | D:3      | Learned a level 5 spell: Lee's Rapid Deconstruction
  3009 | D:4      | Found a radiant altar of Vehumet.
  3018 | D:4      | Became a worshipper of Vehumet
  3287 | D:4      | Noticed an ogre
  3301 | D:4      | Killed an ogre
  3302 | D:4      | Reached XP level 6. HP: 32/32 MP: 11/11
  3345 | D:4      | Mangled by an ogre

Illustrated notes

Levels and vault maps discovered:
D:1:      dpeg_arrival_morbid_curiosity, layout_rooms, minmay_tetromino_t2
D:2:      minmay_inner_zag, layout_basic, uniq_robin
D:3:      layout_loops_ring, lemuel_doored_altar, minivault_23
D:4:      minmay_octagon_keep, layout_loops_cross, overflow_temple_1_default,
          uniq_menkaure

Skill      XL: |  1  2  3  4  5 |
---------------+----------------+-----
Earth Magic    | 4 5 |  5.7
Conjurations   | 1 2 3 |  3.1
Spellcasting   | 3 |  3.8
Dodging        | |  1.5
Stealth        | |  2.1
Transmutations | |  0.7

Action                   |  1- 3 |  4- 6 || total
-------------------------+-------+-------++-------
Melee: Mace              |    62 |       ||    62
       Dagger            |    61 |   103 ||   164
 Cast: Sandblast         |    14 |     4 ||    18
  Use: Scroll            |       |     9 ||     9
 Stab: Sleeping          |     1 |     4 ||     5
Armor: Robe              |    38 |    22 ||    60
Dodge: Dodged            |   114 |    63 ||   177
